 Dungeon Crawl Stone Soup version 0.29.0-5-ge4962eb29e (webtiles) character file.

Game seed: 8056649828495286584

109 xian the Grave Robber (level 4, -4/35 HPs)
             Began as a Draconian Wanderer on Aug 28, 2022.
             Was an Initiate of Nemelex Xobeh.
             Slain by a gnoll
             ... wielding a +0 flail
              (6 damage)
             ... on level 3 of the Dungeon.
             The game lasted 00:07:15 (3253 turns).

xian the Grave Robber (Draconian Wanderer)          Turns: 3253, Time: 00:07:15

Health: -4/35      AC:  6    Str: 15    XL:     4   Next: 60%
Magic:  3/7        EV: 11    Int: 22    God:    Nemelex Xobeh [......]
Gold:   151        SH:  0    Dex: 12    Spells: 3/7 levels left

rFire   . . .      SeeInvis .   a - +0 dagger
rCold   x . .      Faith    .   (no shield)
rNeg    . . .      Spirit   .   (body armour unavailable)
rPois   .          Reflect  .   (helmet restricted)
rElec   .          Harm     .   c - +0 cloak
rCorr   .          Rampage  .   (no gloves)
Will    +....                   (no boots)
Stlth   ++........              (no amulet)
HPRegen 0.11/turn               m - ring "Loguw" {rC- Will+ Str+4 Int+6}
MPRegen 0.10/turn               p - ring of flight

@: flying
A: AC +5, unfitting armour, cold-blooded
a: Renounce Religion, Draw Escape, Draw Destruction, Draw Summoning


You were on level 3 of the Dungeon.
You worshipped Nemelex Xobeh.
Nemelex Xobeh was noncommittal.
You visited 1 branch of the dungeon, and saw 3 of its levels.

You collected 151 gold pieces.

Inventory:

Hand Weapons
 a - a +0 dagger (weapon)
Missiles
 e - 4 poisoned darts
Armour
 c - a +0 cloak (worn)
Jewellery
 m - the ring "Loguw" (left hand) {rC- Will+ Str+4 Int+6}
   (You found it on level 2 of the Dungeon)

   [ring of intelligence]

   Str:       It affects your strength (+4).
   Int:       It affects your intelligence (+6).
   rC:        It makes you vulnerable to cold.
   Will:      It increases your willpower.
 p - a ring of flight (right hand)
Scrolls
 f - a scroll of blinking {unknown}
 g - 2 scrolls of teleportation {unknown}
 j - a scroll of brand weapon {unknown}
 k - a scroll of fear {unknown}
 n - a scroll of amnesia {unknown}
Potions
 b - a potion of attraction
 d - 3 potions of curing {unknown}
 h - a potion of resistance
 i - 3 potions of berserk rage
 l - a potion of mutation
 o - a potion of might {unknown}
 q - a potion of invisibility {unknown}


   Skills:
 + Level 1.1 Fighting
 + Level 0.4 Short Blades
 + Level 0.7 Dodging
 + Level 3.1 Stealth
 + Level 2.4 Spellcasting
 + Level 4.0 Necromancy
 + Level 2.3 Ice Magic


You had 3 spell levels left.
You knew the following spells:

 Your Spells              Type           Power      Damage    Failure   Level
a - Necrotise             Necr           80%        1d8       2%          1
b - Vampiric Draining     Necr           20%        2d7       8%          3

Your spell library contained the following spells:

 Spells                   Type           Power      Damage    Failure   Level
 Freeze                   Ice            48%        1d7       4%          1
 Ensorcelled Hibernation  Hex/Ice        14%        N/A       12%         2
 Ice Form                 Ice/Tmut       7%         N/A       63%         4
 Fireball                 Conj/Fire      1%         3d3       98%         5
 Iskenderun's Battlesphe  Conj           2%         2d6       98%         5
 Conjure Ball Lightning   Conj/Air       1%         3x3d6     100%        6
 Orb of Destruction       Conj           1%         9d5       100%        7


Dungeon Overview and Level Annotations

Branches:
Dungeon (3/15)

Altars:
Gozag
Kikubaaqudgha
Nemelex Xobeh
Uskayaw
Xom
Zin
The Shining One

Shops:
D:1 [


Innate Abilities, Weirdness & Mutations

Your plain brown scales are hard. (AC +5)
You cannot fit into any form of body armour.
You are cold-blooded and may be slowed by cold attacks.


Message History

The dead are walking!
You can't see any susceptible monsters within range! (Use Z to cast anyway.)
The gnoll throws a throwing net.
The throwing net hits your gnoll skeleton.
Your gnoll skeleton is caught in the net!
Your gnoll skeleton struggles against the net.
The gnoll hits your gnoll skeleton with a +0 flail!
The gnoll hits your gnoll skeleton with a +0 flail!
Your gnoll skeleton is destroyed!
You hit the gnoll.
The gnoll is lightly wounded.
The gnoll barely misses you.
You hit the gnoll but do no damage.
The gnoll is lightly wounded.
The gnoll hits you with a +0 flail.
You hit the gnoll but do no damage.
The gnoll is lightly wounded.
The gnoll hits you with a +0 flail.
You hit the gnoll.
The gnoll is moderately wounded.
The gnoll hits you with a +0 flail.
You hit the gnoll but do no damage.
Your tail-slap misses the gnoll.
The gnoll is moderately wounded.
The gnoll hits you with a +0 flail!
You barely miss the gnoll.
The gnoll is moderately wounded.
The gnoll hits you with a +0 flail!
* * * LOW HITPOINT WARNING * * *
You hit the gnoll. You tail-slap the gnoll.
The gnoll is severely wounded.
The gnoll closely misses you.
You closely miss the gnoll.
The gnoll is severely wounded.
The gnoll hits you with a +0 flail.
* * * LOW HITPOINT WARNING * * *
You barely miss the gnoll.
The gnoll is severely wounded.
The gnoll hits you with a +0 flail.
You die...
Your body disappears without a glow.

#.##.# #........##.####.##
#.##.# #..#####.##.# #...
#.##.###...## #.##.# ####
#.##.##.....# #.>..#
#.##.###...## #.####
#.##.# ##.#####<# #.##.#
#.......##########
#.##.####...........##....
#........@...<......##.###
###.#####g#.#..........#
#.# #.#...####..#### #.#
#(##........# #.#
#)########..###### #.# #.#
#........ #.# #.#
#..###### #.# #.# #..#
#... #.# #.# #..# #...


You could see a gnoll.

Vanquished Creatures
  3 gnolls
  An adder (D:2)
  2 dart slugs
  A ball python (D:1)
  7 endoplasms
  3 giant cockroaches (D:2)
  3 goblins
  8 hobgoblins
  2 jackals (D:2)
  6 quokkas
  5 bats
  2 frilled lizards (D:1)
  6 kobolds
  6 rats
55 creatures vanquished.

Vanquished Creatures (collateral kills)
  2 dart slugs
  An endoplasm (D:2)
  A goblin (D:1)
4 creatures vanquished.

Grand Total: 59 creatures vanquished

Notes
Turn   | Place    | Note
-------+----------+-------------------------------------------
     0 | D:1      | xian the Draconian Wanderer began the quest for the Orb.
     0 | D:1      | xian set off with the following items: a +0 dagger, a
                  | potion of attraction, a +0 cloak; and the following spells
                  | available to memorise: Necrotise, Freeze, Ensorcelled
                  | Hibernation, Vampiric Draining, Ice Form.
     0 | D:1      | Reached XP level 1. HP: 16/16 MP: 2/2
     2 | D:1      | Learned a level 1 spell: Necrotise
    33 | D:1      | Found Westaeh's Armour Shop.
   101 | D:1      | Found a faded altar of an unknown god.
   139 | D:1      | Reached XP level 2. HP: 8/23 MP: 1/3
  1021 | D:1      | Reached XP level 3. HP: 17/28 MP: 0/4
  1498 | D:2      | Identified the ring "Loguw" {rC- Will+ Str+4 Int+6}
  1781 | D:2      | Reached XP level 4. HP: 21/35 MP: 5/7
  1966 | D:2      | Learned a level 3 spell: Vampiric Draining
  1974 | D:2      | Found a hide-covered altar of Uskayaw.
  2760 | D:3      | Found a glowing silver altar of Zin.
  2761 | D:3      | Found a shimmering altar of Xom.
  2761 | D:3      | Found an ancient bone altar of Kikubaaqudgha.
  2761 | D:3      | Found a sparkling altar of Nemelex Xobeh.
  2761 | D:3      | Found a glowing golden altar of the Shining One.
  2762 | D:3      | Found an opulent altar of Gozag.
  2817 | D:3      | Identified the +5 short sword of Purpose {chaos, Dex+3}
  2861 | D:3      | Became a worshipper of Nemelex Xobeh the Trickster
  3235 | D:3      | Reached skill level 4 in Necromancy
  3253 | D:3      | Slain by a gnoll

Illustrated notes

Levels and vault maps discovered:
D:1:      amcnicky_arrival_blooded_trapdoor, layout_basic, serial_shops,
          nicolae_shop_trees, ebering_ecumenical_altar_petrified,
          kennysheep_another_room, hangedman_decor_growths
D:2:      layout_loops_ring, basic_altar, kennysheep_generic_room_14
D:3:      layout_loops_ring, grunt_temple_overflow_open

Skill      XL: |  1  2  3  4 |
---------------+-------------+-----
Stealth        | 3 |  3.1
Spellcasting   | 2 |  2.4
Necromancy     | 4 |  4.0
Fighting       | |  1.1
Short Blades   | |  0.4
Dodging        | |  0.7
Ice Magic      | |  2.3

Action                   |  1- 3 |  4- 6 || total
-------------------------+-------+-------++-------
Melee: Dagger            |   100 |    23 ||   123
       Tailslap          |    16 |     2 ||    18
 Cast: Necrotise         |    41 |    32 ||    73
  Use: Scroll            |       |     3 ||     3
 Stab: Distracted        |       |     1 ||     1
Armor: Skin              |    50 |     7 ||    57
Dodge: Dodged            |    76 |     6 ||    82
